Map: Stranded Isles

Players

apajco

  • Race: Zerg Zerg
  • League: Bronze
  • Spawn Location: 6:00

KaMote

  • Race: Terran Terran
  • Spawn Location: 3:00

JackCollin

  • Race: Zerg Zerg
  • Spawn Location: 6:00

Cthulhu - Winner!

  • Race: Zerg Zerg
  • Spawn Location: 9:00

Throwfordays - Winner!

  • Race: Protoss Protoss
  • League: Silver
  • Spawn Location: 12:00

Faust - Winner!

  • Race: Zerg Zerg
  • League: Diamond
  • Spawn Location: 12:00

VOD

Have the link to the VOD?

Description

Time

  • Played on: March 29, 2019, 11:14 p.m.
  • Length: 15:45
Show
View Real Time Build Order
Export as new Build Order

apajco Zerg 

Build Orders: Pool First, Lurkers 

Get SALT Encoding   

  12  1:06  Spawning Pool  
  12  1:10  Extractor  
  10  1:14  Overlord x3  
  10  1:24  Hatchery  
  9  1:39  Drone x2  
  11  2:02  Drone x2  
  11  2:06  Extractor  
  12  2:21  Lair  
  12  2:25  Drone x2  
  14  2:36  Queen  
  16  2:40  Drone  
  17  2:51  Drone  
  17  2:54  Drone  
  19  3:00  Drone  
  20  3:05  Drone  
  21  3:20  Extractor  
  21  3:26  Drone, Hydralisk Den  
  20  3:29  Drone  
  21  3:35  Drone  
  22  3:45  Drone  
  22  3:46  Drone x2  
  25  3:55  Drone x2  
  27  4:11  Hydralisk  
  27  4:12  Lurker Den  
  28  4:29  Hydralisk x2  
  32  4:55  Drone x3  
  35  5:09  Queen  
  35  5:11  Drone  
  35  5:12  Nydus Network  
  37  5:15  Hydralisk x2  
  37  5:19  Drone  
  37  5:20  Drone  
  43  5:26  Overlord  
  43  5:35  Drone  
  44  5:37  Overlord  
  44  5:48  Lurker x2  
  44  5:49  Lurker x2  
  48  5:51  Lurker  
  49  5:59  Spore Crawler  
  48  6:13  Infestation Pit  
  48  6:16  Drone x5  
  48  6:17  Drone  
  53  6:33  Evolution Chamber  
  53  6:36  Spore Crawler  
  53  6:37  Drone  
  53  6:38  Drone x3  
  55  6:45  Nydus Canal  
  55  6:54  Extractor  
  54  7:12  Hatchery  
  50  7:24  Hydralisk  
  50  7:25  Hydralisk x3  
  55  7:56  Hydralisk  
  55  7:57  Hydralisk x4  
  54  8:27  Zerg Missile Weapons Level 1  
  54  8:28  Hydralisk  
  54  8:29  Hydralisk x4  
  64  8:59  Hydralisk x2  
  56  9:10  Spore Crawler  
  38  9:29  Hydralisk x4  
  46  9:45  Spore Crawler  
  45  9:46  Hydralisk x3  
  45  9:51  Overseer  
  51  10:01  Lurker x6  
  57  10:08  Queen  
  57  10:09  Spore Crawler  
  57  10:12  Overlord  
  57  10:13  Overlord x4  
  58  10:17  Lurker  
  58  10:18  Lurker  
  60  10:21  Zerg Ground Armor Level 1  
  60  10:37  Nydus Canal  
  60  10:44  Queen  
  62  10:56  Spire  
  35  11:55  Hive  
  35  12:00  Drone x3  
  38  12:10  Corruptor x6  
  50  12:18  Corruptor x2  
  54  12:31  Overlord x2  
  54  12:40  Zerg Flyer Weapons Level 1  
  54  12:55  Corruptor  
  54  12:56  Corruptor  
  58  13:01  Drone x3  
  58  13:05  Extractor  
  56  13:36  Corruptor x3  
  46  14:06  Corruptor x3  
  52  14:33  Corruptor x3  
Show
View Real Time Build Order
Export as new Build Order

KaMote Terran 

Build Orders: Gas First Reaper Expand, Mech 

Get SALT Encoding   

  12  0:01  SCV  
  13  0:14  SCV  
  14  0:24  Supply Depot  
  14  0:29  Refinery, SCV  
  15  0:47  Barracks  
  15  0:50  SCV  
  16  1:02  SCV  
  17  1:29  Command Center  
  17  1:33  SCV  
  17  1:36  Reaper  
  19  1:51  Orbital Command  
  19  2:15  Barracks Reactor  
  19  2:21  Factory  
  19  2:33  SCV  
  20  2:37  Refinery  
  20  2:42  Refinery  
  20  2:45  SCV  
  21  2:57  SCV  
  22  3:01  SCV  
  22  3:09  SCV  
  23  3:13  SCV  
  23  3:19  Hellion x2  
  28  3:21  Marine, SCV  
  28  3:25  SCV  
  31  3:32  Supply Depot  
  31  3:33  SCV, Factory  
  32  3:44  Marine  
  33  3:52  Hellion  
  33  3:53  Hellion  
  37  3:57  Factory  
  37  4:08  Starport  
  37  4:09  SCV  
  38  4:12  Armory  
  38  4:18  Barracks Tech Lab  
  38  4:26  Hellion x2  
  38  4:28  Factory Tech Lab  
  42  4:38  Supply Depot  
  42  4:46  Viking  
  42  4:49  Factory Reactor  
  42  4:52  Infernal Pre-Igniter  
  44  5:06  Widow Mine x2  
  50  5:07  Hellion  
  50  5:09  SCV  
  51  5:42  Siege Tank  
  54  5:52  Widow Mine  
  54  6:30  Supply Depot  
  54  6:32  Widow Mine x2, Siege Tank  
  61  6:37  Supply Depot  
  61  6:42  Command Center  
  61  6:52  Widow Mine x2  
  61  6:53  Widow Mine  
  67  7:04  Siege Tank  
  70  7:16  Hellion  
  70  7:17  Hellion  
  70  7:22  Starport Reactor  
  74  7:36  Siege Tank  
  60  8:03  Viking x2  
  64  8:06  SCV  
  64  8:08  Siege Tank  
  64  8:10  Engineering Bay  
  64  8:11  Refinery  
  66  8:18  SCV  
  65  8:22  Hellion  
  67  8:29  Hellion x3  
  67  8:33  Viking x2  
  77  8:40  Siege Tank  
  80  8:44  Hellion  
  80  8:46  Drilling Claws  
  82  8:50  Missile Turret  
  80  9:02  Viking  
  80  9:03  Viking  
  84  9:12  Siege Tank  
  77  9:37  Viking x2  
  75  9:44  Siege Tank  
  54  10:00  Widow Mine  
  48  10:07  Widow Mine  
  48  10:08  Widow Mine x2  
  48  10:13  SCV  
  48  10:14  SCV  
  51  10:16  Siege Tank  
  54  10:25  SCV  
  54  10:26  SCV  
  53  10:38  SCV x2  
  53  10:40  Widow Mine  
  53  10:48  Siege Tank  
  52  10:50  SCV x2  
  52  10:53  Missile Turret  
  54  11:02  SCV x2  
  54  11:03  Viking  
  58  11:13  Widow Mine  
  58  11:14  SCV  
  61  11:40  Refinery  
  61  12:13  Missile Turret  
  61  12:18  Supply Depot  
  60  12:47  Missile Turret  
  60  12:57  Command Center  
  55  13:36  SCV, Widow Mine, Siege Tank  
  55  13:40  Viking x2, Widow Mine  
  62  13:41  Widow Mine x2  
  62  13:48  SCV  
  52  13:57  Widow Mine  
  52  14:00  SCV  
  52  14:02  Widow Mine x2  
  59  14:03  Widow Mine  
  59  14:08  Widow Mine  
  55  14:10  Viking x2  
  43  15:12  Command Center  
Show
View Real Time Build Order
Export as new Build Order

JackCollin Zerg 

Build Orders: Hatch First 

Get SALT Encoding   

  12  0:06  Drone  
  13  0:10  Drone  
  14  0:17  Overlord  
  14  0:38  Drone x2  
  16  0:52  Hatchery  
  16  0:54  Drone  
  16  1:00  Drone  
  17  1:04  Extractor, Drone  
  17  1:15  Drone  
  18  1:23  Drone  
  19  1:58  Spawning Pool  
  18  2:24  Hatchery  
  17  2:45  Queen x2  
  17  2:47  Metabolic Boost  
  17  2:49  Overlord  
  17  2:50  Drone  
  23  2:51  Drone x4  
  26  3:13  Zergling x6  
  26  3:14  Zergling x2  
  30  3:21  Baneling Nest  
  29  3:34  Drone x3  
  29  3:35  Drone  
  33  3:48  Zergling x8  
  35  4:00  Zergling x10  
  35  4:01  Zergling x2  
  37  4:11  Baneling x4  
  37  4:12  Baneling x3  
  31  4:43  Zergling x2  
  31  4:44  Zergling x16  
  36  5:01  Drone x4  
  36  5:02  Drone  
  41  5:11  Overlord  
  41  5:17  Lair, Overlord x2  
  40  5:23  Queen  
  40  5:27  Zergling x2  
  35  5:44  Drone x3  
  35  5:45  Drone x6  
  35  5:46  Queen  
  46  5:51  Extractor  
  46  5:54  Spore Crawler  
  44  5:59  Pneumatized Carapace  
  42  6:13  Baneling  
  42  6:15  Drone x2  
  42  6:16  Drone x5  
  49  6:23  Drone  
  49  6:24  Drone x4  
  49  6:25  Extractor  
  53  6:28  Extractor  
  52  6:32  Extractor  
  52  6:34  Extractor  
  50  6:45  Roach Warren  
  49  6:50  Nydus Network  
  49  6:52  Drone  
  49  6:53  Drone x4  
  49  6:54  Drone x6  
  59  7:01  Spore Crawler  
  58  7:20  Drone x3  
  58  7:21  Drone x4  
  65  7:33  Overlord  
  65  7:34  Overlord  
  65  7:55  Hatchery  
  65  7:57  Hydralisk Den  
  63  8:02  Spore Crawler, Overlord  
  63  8:03  Queen x3  
  68  8:31  Overlord x2  
  68  8:32  Spire  
  67  8:37  Hydralisk  
  67  8:38  Hydralisk x8  
  67  8:39  Hydralisk x2  
  89  8:44  Spore Crawler  
  86  9:00  Hydralisk  
  86  9:01  Hydralisk x8  
  102  9:18  Spore Crawler  
  102  9:24  Spore Crawler, Queen x3  
  106  9:31  Spire, Grooved Spines  
  100  10:13  Corruptor  
  100  10:14  Corruptor x4  
  102  10:17  Overlord x2  
  102  10:18  Overlord  
  108  10:26  Overlord x3  
  108  10:48  Spore Crawler x2  
  101  11:04  Corruptor x4  
  101  11:05  Corruptor x3  
  101  11:06  Corruptor x4  
  123  11:18  Overlord  
  123  11:19  Overlord  
  123  11:43  Muscular Augments  
  123  11:44  Overlord  
  121  11:50  Corruptor x3  
  127  11:57  Zerg Flyer Weapons Level 1  
  107  12:26  Drone  
  107  12:27  Drone x5  
  113  12:47  Roach x5  
  113  12:48  Roach x2  
  127  12:55  Infestation Pit  
  124  13:11  Corruptor  
  124  13:12  Corruptor x5  
  51  14:07  Corruptor  
  51  14:08  Corruptor x6  
  51  14:09  Corruptor  
Show
View Real Time Build Order
Export as new Build Order

Cthulhu Zerg - Winner!

Build Orders: 3 Hatch before Pool 

Get SALT Encoding   

  12  0:01  Drone  
  13  0:11  Drone  
  14  0:19  Extractor, Drone  
  15  0:41  Hatchery  
  14  0:47  Overlord  
  14  0:53  Extractor  
  14  0:54  Drone  
  14  1:05  Drone x2  
  16  1:16  Drone  
  17  1:29  Drone  
  18  1:36  Hatchery  
  17  1:52  Spawning Pool  
  16  1:55  Drone  
  17  2:04  Drone x2  
  19  2:12  Drone  
  20  2:17  Drone x2  
  20  2:18  Drone  
  23  2:34  Overlord  
  23  2:37  Drone  
  23  2:39  Metabolic Boost  
  24  2:46  Queen  
  24  2:51  Queen  
  28  3:08  Drone x2  
  28  3:12  Drone x3  
  33  3:13  Drone  
  34  3:33  Zergling x2  
  35  3:34  Zergling x12  
  41  3:42  Drone  
  42  3:53  Evolution Chamber, Overlord  
  42  3:54  Evolution Chamber  
  40  4:05  Extractor  
  40  4:07  Extractor, Drone x4  
  42  4:10  Extractor  
  34  5:01  Zergling x2  
  34  5:02  Zergling x16  
  43  5:11  Drone  
  44  5:17  Zerg Ground Armor Level 1  
  44  5:18  Zerg Melee Weapons Level 1  
  44  5:19  Lair  
  44  5:41  Zergling x2  
  44  5:42  Zergling x4, Drone  
  48  5:43  Drone x2  
  48  5:44  Overlord x3  
  41  6:23  Roach Warren  
  40  6:37  Spire  
  39  6:41  Drone x3  
  39  6:42  Drone x6  
  46  7:27  Extractor  
  46  7:28  Extractor, Queen  
  46  7:42  Hatchery  
  45  7:49  Mutalisk  
  45  7:50  Mutalisk x13  
  73  8:01  Infestation Pit  
  73  8:04  Queen  
  70  9:15  Mutalisk x5  
  80  9:17  Overlord  
  80  9:18  Overlord x6  
  78  10:13  Mutalisk x14  
  78  10:14  Mutalisk x3  
  96  10:50  Mutalisk  
  96  10:51  Mutalisk x4  
  106  11:00  Hive  
  106  11:04  Zergling x2  
  106  11:05  Zergling x16  
  115  11:21  Overseer  
  107  11:49  Corruptor x3  
  107  11:50  Infestor x3  
  107  11:52  Zergling x12  
  125  12:04  Hatchery  
  123  12:35  Pneumatized Carapace  
  123  12:41  Greater Spire  
  123  12:42  Zerg Melee Weapons Level 2, Zerg Ground Armor Level 2  
  123  12:43  Adrenal Glands  
  123  12:46  Drone x6  
  123  12:47  Drone  
  123  12:48  Overlord  
  123  12:49  Overlord x5  
  129  13:12  Overseer  
  97  13:56  Mutalisk  
  97  13:57  Mutalisk x8  
  108  15:00  Mutalisk x9  
Show
View Real Time Build Order
Export as new Build Order

Throwfordays Protoss - Winner!

Build Orders: 1 Gate Expand, Double Forge, Carriers 

Get SALT Encoding   

  12  0:00  Probe  
  13  0:12  Probe  
  14  0:21  Pylon  
  14  0:25  Probe  
  15  0:39  Probe  
  15  0:42  Gateway  
  16  0:44  Assimilator  
  16  0:49  Probe  
  17  0:57  Probe  
  18  1:07  Probe  
  19  1:19  Probe  
  20  1:29  Nexus  
  20  1:38  Forge  
  20  1:47  Pylon  
  20  1:51  Assimilator  
  20  2:02  Forge  
  20  2:06  Cybernetics Core  
  20  2:15  Probe  
  21  2:28  Probe  
  21  2:29  Photon Cannon  
  22  2:37  Photon Cannon  
  22  2:40  Probe  
  23  2:46  Pylon  
  23  2:49  Probe  
  24  3:01  Probe  
  25  3:08  Photon Cannon  
  25  3:11  Photon Cannon  
  25  3:16  Probe  
  25  3:18  Probe  
  27  3:24  Probe  
  27  3:26  Probe  
  27  3:33  Probe  
  29  3:34  Probe  
  31  3:43  Probe  
  31  3:45  Probe  
  33  3:55  Probe  
  33  3:58  Probe  
  33  4:00  Assimilator  
  35  4:06  Assimilator  
  35  4:08  Probe  
  36  4:10  Probe  
  37  4:20  Nexus, Probe  
  37  4:22  Probe  
  39  4:24  Pylon  
  39  4:27  Pylon  
  39  4:30  Assimilator  
  39  4:32  Probe  
  39  4:34  Assimilator  
  39  4:38  Probe  
  41  4:44  Probe  
  42  4:48  Photon Cannon  
  42  4:50  Probe  
  43  4:53  Photon Cannon  
  43  4:56  Probe  
  43  4:58  Photon Cannon  
  44  5:02  Probe  
  44  5:03  Photon Cannon  
  45  5:13  Photon Cannon  
  45  5:14  Photon Cannon  
  45  5:37  Photon Cannon  
  45  5:40  Probe  
  46  5:48  Probe  
  47  5:52  Probe  
  47  5:53  Probe  
  49  5:57  Shield Battery  
  49  6:00  Shield Battery, Probe  
  49  6:03  Photon Cannon  
  50  6:04  Probe  
  50  6:05  Probe  
  50  6:07  Photon Cannon  
  52  6:12  Probe  
  52  6:17  Probe x2  
  52  6:18  Nexus  
  55  6:20  Assimilator  
  55  6:24  Assimilator, Probe  
  56  6:29  Protoss Shields Level 1, Probe  
  56  6:30  Probe  
  58  6:36  Probe  
  59  6:41  Stargate  
  59  6:42  Probe  
  59  6:43  Protoss Air Weapons Level 1  
  59  6:44  Pylon  
  59  6:46  Pylon  
  60  6:49  Pylon  
  60  6:52  Pylon  
  60  6:54  Cybernetics Core  
  60  7:00  Twilight Council  
  60  7:04  Probe  
  61  7:12  Shield Battery  
  61  7:14  Shield Battery  
  61  7:16  Probe  
  62  7:25  Shield Battery  
  62  7:28  Probe  
  63  7:30  Shield Battery  
  63  7:33  Void Ray  
  67  7:40  Protoss Air Armor Level 1  
  67  7:41  Stargate  
  67  7:43  Stargate  
  67  7:45  Stargate  
  67  7:48  Fleet Beacon  
  67  8:01  Probe  
  68  8:08  Photon Cannon  
  68  8:16  Void Ray  
  72  8:38  Pylon  
  68  8:43  Pylon  
  68  8:46  Protoss Shields Level 2  
  68  8:47  Carrier  
  68  8:48  Carrier x2  
  86  8:54  Stargate x2  
  86  9:00  Carrier  
  92  9:04  Protoss Air Weapons Level 2  
  84  9:31  Probe  
  84  9:35  Probe  
  86  9:39  Probe  
  86  9:44  Probe  
  88  9:47  Probe  
  88  9:51  Probe  
  90  9:53  Carrier  
  90  9:54  Carrier x2  
  90  9:55  Carrier  
  90  9:56  Probe  
  90  9:59  Pylon, Probe  
  116  10:01  Pylon  
  116  10:03  Pylon, Probe  
  116  10:04  Protoss Air Armor Level 2  
  116  10:05  Pylon  
  117  10:09  Pylon  
  117  10:11  Pylon  
  117  10:15  Nexus  
  117  10:17  Probe x3  
  117  10:18  Assimilator  
  117  10:19  Carrier  
  126  10:29  Probe x3  
  126  10:33  Pylon  
  129  10:36  Pylon  
  129  10:38  Pylon  
  129  10:40  Pylon  
  129  10:42  Pylon  
  129  10:53  Probe  
  130  11:11  Protoss Shields Level 3  
  130  11:23  Probe  
  131  11:27  Probe  
  132  11:34  Protoss Air Weapons Level 3  
  132  11:35  Probe  
  132  11:37  Carrier x3  
  151  11:47  Probe  
  152  12:43  Carrier x5  
  152  12:44  Carrier  
  188  13:06  Protoss Air Armor Level 3  
Show
View Real Time Build Order
Export as new Build Order

Faust Zerg - Winner!

Build Orders: Hatch First, Muta Ling Bane 

Get SALT Encoding   

  12  0:01  Drone  
  13  0:09  Drone  
  14  0:16  Extractor  
  14  0:17  Drone  
  15  0:22  Overlord  
  15  0:42  Drone x2  
  17  0:54  Hatchery  
  17  0:57  Drone  
  17  1:00  Drone  
  17  1:04  Extractor  
  17  1:16  Spawning Pool  
  16  1:22  Drone x2  
  18  1:27  Drone  
  19  1:57  Overlord  
  19  2:03  Queen  
  19  2:05  Metabolic Boost  
  19  2:06  Queen  
  19  2:07  Zergling x2  
  24  2:10  Drone  
  24  2:12  Drone  
  26  2:16  Drone  
  27  2:25  Baneling Nest  
  27  2:26  Drone  
  27  2:38  Zergling x4  
  29  2:50  Drone x2  
  29  2:51  Drone x2  
  33  2:53  Overlord  
  33  3:07  Drone x2  
  35  3:17  Drone  
  35  3:18  Zergling x2, Drone x3  
  35  3:19  Zergling x6  
  43  3:24  Baneling  
  43  3:28  Zergling x2  
  44  3:43  Hatchery  
  42  4:03  Drone  
  42  4:04  Drone  
  42  4:08  Lair  
  44  4:11  Spore Crawler  
  43  4:19  Spore Crawler  
  36  4:39  Drone x8  
  36  4:43  Overlord x5  
  44  4:46  Extractor  
  44  4:48  Extractor, Drone  
  44  4:49  Drone  
  44  4:51  Extractor  
  43  4:54  Extractor  
  43  4:56  Drone  
  43  4:59  Extractor  
  42  5:06  Spire  
  41  5:07  Drone x3  
  41  5:10  Drone x2  
  41  5:11  Drone x3  
  41  5:13  Drone  
  50  5:16  Queen, Drone x2  
  50  5:20  Zergling x2  
  50  5:21  Zergling x2, Baneling x2  
  56  5:39  Zergling x8  
  56  5:40  Zergling x14  
  67  5:43  Baneling  
  67  5:44  Baneling  
  67  5:45  Zergling x2  
  68  5:56  Drone  
  69  5:58  Spore Crawler  
  69  5:59  Drone x2  
  69  6:02  Spore Crawler  
  69  6:12  Drone x4  
  69  6:13  Drone, Overlord x2  
  69  6:18  Drone  
  75  6:24  Spore Crawler  
  74  6:25  Zerg Flyer Weapons Level 1  
  74  6:28  Drone  
  75  6:33  Mutalisk x7  
  75  6:36  Mutalisk  
  85  6:44  Baneling x2  
  85  6:48  Centrifical Hooks  
  85  6:56  Drone x2  
  85  6:58  Extractor, Hatchery  
  85  7:02  Extractor  
  77  7:19  Drone  
  77  7:20  Drone x6, Mutalisk x2  
  77  7:21  Mutalisk x2  
  84  8:14  Mutalisk  
  84  8:15  Mutalisk x10  
  94  8:43  Zergling x2  
  94  8:44  Zergling x14  
  94  9:13  Mutalisk  
  94  9:14  Mutalisk x5  
  92  9:36  Mutalisk x3  
  92  9:37  Mutalisk x4  
  94  9:53  Mutalisk x3  
  98  10:03  Drone x3  
  98  10:05  Drone x3  
  104  10:13  Overlord x2  
  104  10:14  Overlord x3  
  104  10:20  Zerg Flyer Weapons Level 2  
  104  10:51  Extractor  
  104  10:55  Extractor  
  102  11:04  Mutalisk  
  102  11:05  Mutalisk x11  
  102  11:10  Zergling x2  
  120  11:11  Zergling x20  
  124  11:33  Zergling x2  
  124  11:34  Zergling x24  
  124  11:37  Baneling x2  
  124  11:38  Baneling x2  
  124  11:39  Zergling x4  
  139  11:45  Queen  
  139  11:46  Drone x2  
  120  12:18  Zergling x26  
  120  12:19  Zergling x4  
  133  12:25  Baneling x3  
  133  12:26  Baneling x2, Overlord x3  
  133  12:35  Drone x4  
  133  12:36  Drone  
  138  12:37  Drone x5  
  143  12:45  Infestation Pit  
  122  13:49  Zergling x2  
  122  13:50  Zergling x46  
  122  13:51  Zergling x6  
  147  14:13  Evolution Chamber  
  147  14:16  Evolution Chamber  
  143  14:23  Hive  
  143  14:25  Burrow, Pneumatized Carapace  
  143  14:31  Hydralisk Den  
  121  15:09  Mutalisk  
  121  15:10  Mutalisk x20  
  121  15:11  Mutalisk x2  
  121  15:13  Overlord  
  121  15:14  Overlord x5  
  167  15:15  Overlord x3  
  167  15:21  Spire  
Tags
 
Add a new tag
Caveats
  • Supply blocks, unpowered buildings, or Contaminate may cause inaccurate times.
  • Supply counts are checked every 10 seconds.